 Dungeon Crawl Stone Soup version 0.29-a0-321-gf1c400731a (webtiles) character file.

Game seed: 17556564437513351768

85 horus123 the Magician (level 4, -1/24 HPs)
             Began as a Deep Elf Conjurer on Apr 4, 2022.
             Slain by a gnoll
             ... wielding a +0 flail
              (3 damage)
             ... on level 2 of the Dungeon.
             The game lasted 00:02:57 (2145 turns).

horus123 the Magician (Deep Elf Conjurer)           Turns: 2145, Time: 00:02:58

Health: -1/24      AC:  3    Str:  4    XL:     4   Next: 25%
Magic:  14/14      EV: 12    Int: 25    God:
Gold:   119        SH:  0    Dex: 13    Spells: 12/15 levels left

rFire   . . .      SeeInvis .   f - +0 dagger
rCold   . . .      Faith    .   (no shield)
rNeg    . . .      Spirit   .   a - +0 robe
rPois   .          Reflect  .   (no helmet)
rElec   .          Harm     .   (no cloak)
rCorr   .          Rampage  .   (no gloves)
Will    .....                   h - +0 pair of boots
Stlth   ++........              (no amulet)
HPRegen 0.08/turn               (no ring)
MPRegen 0.14/turn               (no ring)

@: brilliant
A: no striking features
a: no special abilities


You were on level 2 of the Dungeon.
You visited 1 branch of the dungeon, and saw 3 of its levels.

You collected 119 gold pieces.

Inventory:

Hand Weapons
 f - a +0 dagger (weapon)
Armour
 a - a +0 robe (worn)
 h - a +0 pair of boots (worn)
Scrolls
 g - a scroll of torment {unknown}
 j - a scroll of acquirement {unknown}
 k - a scroll of enchant armour {unknown}
 l - a scroll of identify {unknown}
Potions
 b - a potion of magic
 d - 2 potions of flight
 i - a potion of attraction {unknown}


   Skills:
 - Level 2.4 Dodging
 - Level 2.4 Stealth
 + Level 6.2 Spellcasting
 - Level 4.3 Conjurations


You had 12 spell levels left.
You knew the following spells:

 Your Spells              Type           Power      Damage    Failure   Level
a - Magic Dart            Conj           100%       1d8       1%          1
b - Searing Ray           Conj           88%        2d7       1%          2

Your spell library contained the following spells:

 Spells                   Type           Power      Damage    Failure   Level
 Dazzling Flash           Conj/Hex       56%        N/A       9%          3
 Ensorcelled Hibernation  Hex/Ice        22%        N/A       11%         2
 Passwall                 Tmut/Erth      9%         N/A       11%         2
 Ozocubu's Armour         Ice            11%        N/A       22%         3
 Swiftness                Air            11%        N/A       22%         3
 Fulminant Prism          Conj/Hex       14%        3d9       28%         4
 Iskenderun's Mystic Bla  Conj/Tloc      28%        2d7       28%         4
 Metabolic Englaciation   Hex/Ice        5%         N/A       90%         5
 Simulacrum               Ice/Necr       5%         N/A       100%        6


Dungeon Overview and Level Annotations

Branches:
Dungeon (3/15)

Altars:


Message History

Your Spellcasting skill increases to level 6!
You have reached level 4!
You feel clever.
The searing ray hits the gnoll!
The gnoll is heavily wounded.
The searing ray hits the gnoll!
You kill the gnoll!
You finish channelling your searing ray.
A gnoll comes into view. It is wielding a +0 flail.
An orc comes into view. It is wielding a +0 club.
Unknown command.
You climb upwards.
There is a stone staircase leading down here.
You start resting.
Magic restored.
You start waiting.
Done waiting.
You climb downwards.
The gnoll misses you. The gnoll barely misses you.
There is a stone staircase leading up here.
The gnoll hits you with a +0 whip. The gnoll misses you.
The gnoll hits you with a +0 flail.
You climb upwards.
There is a stone staircase leading down here.
There's nothing to open nearby.
Okay, then.
The gnoll completely misses you. The gnoll hits you with a +0 whip.
The gnoll attacks as you move away! The gnoll hits you with a +0 flail!
* * * LOW HITPOINT WARNING * * *
It was a potion of flight.
You feel very buoyant.
You fly up into the air.
The gnoll barely misses you.
It was a potion of cancellation.
Your magical effects are unravelling.
You feel magically purged.
You float gracefully downwards.
The gnoll misses you.
It was a potion of brilliance.
You feel clever all of a sudden. The gnoll hits you with a +0 flail.
You die...

#.......###.# ##(#..#.#######.#
#........##.# #.#..#..........
#...(..#.##.####.#..#########..
#................#..#########..
#......#.##..###.#.............
#......#..#..# #.#.###########.
#......##.#..# #.#.# #.
#......##....###.#.###### #.
#......##...gg@.........## #.
###.#...###...###<.........# #.
#....♣♣.......#
#..........#####.
..♣♣♣♣♣♣.###.>#
#................
♣♣♣♣♣♣.♣♣####.#
#..........###### ♣ ♣....♣.#
#.# ##########.#
♣♣♣♣..♣♣†.###.##############
♣♣.♣♣♣.♣.................#
♣♣♣..♣.♣......)....#####.#


You could see 2 gnolls.

Vanquished Creatures
  2 gnolls (D:3)
  2 adders (D:2)
  2 worms (D:2)
  A dart slug (D:1)
  3 endoplasms
  3 giant cockroaches
  4 goblins
  7 hobgoblins (D:2)
  4 jackals (D:2)
  A quokka (D:1)
  2 ball pythons (D:2)
  2 bats
  2 kobolds
  3 rats
38 creatures vanquished.

Notes
Turn   | Place    | Note
-------+----------+-------------------------------------------
     0 | D:1      | horus123 the Deep Elf Conjurer began the quest for the Orb.
     0 | D:1      | Reached XP level 1. HP: 10/10 MP: 6/6
   312 | D:1      | Reached skill level 4 in Spellcasting
   312 | D:1      | Reached XP level 2. HP: 15/15 MP: 6/9
   315 | D:1      | Learned a level 2 spell: Searing Ray
  1014 | D:2      | Reached XP level 3. HP: 19/19 MP: 6/11
  1092 | D:2      | Reached skill level 5 in Spellcasting
  1742 | D:2      | Found a faded altar of an unknown god.
  1975 | D:3      | Reached skill level 6 in Spellcasting
  1975 | D:3      | Reached XP level 4. HP: 24/24 MP: 7/14
  2141 | D:2      | HP: 1/24 [gnoll/+0 flail (8)]
  2145 | D:2      | Slain by a gnoll

Illustrated notes

Levels and vault maps discovered:
D:1:      lightli_arrival_chessboard, layout_loops_ring
D:2:      layout_basic, chequers_ecumenical_altar_grove, minmay_domino_2
D:3:      layout_rooms

Skill      XL: |  1  2  3 |
---------------+----------+-----
Spellcasting   | 4 6 |  6.2
Dodging        | |  2.4
Stealth        | |  2.4
Conjurations   | |  4.3

Action                   |  1- 3 |  4- 6 || total
-------------------------+-------+-------++-------
 Cast: Magic Dart        |    74 |       ||    74
       Searing Ray       |     4 |       ||     4
  Use: Potion            |       |     3 ||     3
Armor: Robe              |     2 |       ||     2
Dodge: Dodged            |     7 |     6 ||    13

Table legend: (Time is in decaauts)
 A = Elapsed time spent in this place.
 B = Non-inter-level travel time spent in this place.
 C = Inter-level travel time spent in this place.
 D = Time resting spent in this place.
 E = Time spent auto-exploring this place.
 F = Levels seen in this place.
 G = Mean time per level.
                   A        B        C        D        E       F      G
               +--------+--------+--------+--------+--------+-----+--------+
         Total |   2145 |   2099 |     46 |    332 |   1567 |   3 |  715.0 |
       Dungeon |   2145 |   2099 |     46 |    332 |   1567 |   3 |  715.0 |
               +--------+--------+--------+--------+--------+-----+--------+

Top non-repeatable levels by time:
     D:2: 1256 daAuts
     D:1: 877 daAuts
     D:3: 11 daAuts
